General information
- name: grudge02
- type: Ladder 1vs1/FFA
- host: evil_pengoon
- saver: BEAR_AND
map: EchoIcicles
- players: 8
- length: 22:47
- speed: Fast
- version: 1.21 W3XP
- replay type:

» download(146 KB)
Players
team 1 (winner)
WWGT]BaronMorte (
green | 111 APM | 2517 actions | 22:45)
6 Dark Ranger
2 Black Arrow
3 Life Drain
1 Charm
5 Naga Sea Witch
2 Frost Arrows
3 Forked Lightning
» actions
| Assign group hotkey | 104 | |
| Basic commands | 18 | |
| Build / train | 79 | |
| Enter build submenu | 15 | |
| Enter hero's abilities submenu | 13 | |
| Give item / drop item | 3 | |
| Remove unit from queue | 2 | |
| Right click | 1135 | |
| Select / deselect | 422 | |
| Select group hotkey | 648 | |
| Use ability | 78 | |
2517 total
» units
| Wisp | 19 | |
| Archer | 5 | |
| Forest Troll Shadow Priest | 1 | |
| Druid of the Claw | 8 | |
| Dryad | 7 | |
40 total
» upgrades
| Ultravision | 1 | |
| Druid of the Claw Training | 2 | |
| Abolish Magic | 1 | |
| Well Spring | 1 | |
| Strength of the Wild | 3 | |
| Reinforced Hides | 2 | |
| Mark of the Claw | 1 | |
11 total
» buildings
| Moon Well | 6 | |
| Altar of Elders | 2 | |
| Ancient of War | 1 | |
| Tree of Ages | 1 | |
| Hunter's Hall | 1 | |
| Ancient of Lore | 2 | |
| Tree of Eternity | 1 | |
| Tree of Life | 2 | |
| Ancient of Wonders | 1 | |
17 total
» build order
00:18 Moon Well
00:30 Altar of Elders
00:32 Ancient of War
00:38 Altar of Elders
01:05 Moon Well
02:41 Tree of Ages
03:24 Hunter's Hall
04:31 Moon Well
05:09 Ancient of Lore
05:18 Ancient of Lore
06:33 Moon Well
07:41 Tree of Eternity
09:05 Tree of Life
12:36 Ancient of Wonders
15:32 Tree of Life
22:03 Moon Well
22:04 Moon Well
» items
| Boots of Speed | 2 | |
| Potion of Lesser Invulnerability | 2 | |
| Scroll of Town Portal | 2 | |
| Staff of Preservation | 1 | |
| Moonstone | 1 | |
| Potion of Healing | 1 | |
| Replenishment Potion | 1 | |
10 total
team 2 (loser)
WWGT]Mongrethod (
red | 116 APM | 2637 actions | 22:45)
5 Mountain King
3 Storm Bolt
2 Bash
4 Archmage
2 Blizzard
2 Brilliance Aura
3 Paladin
2 Holy Light
1 Divine Shield
» actions
| Assign group hotkey | 62 | |
| Basic commands | 408 | |
| Build / train | 70 | |
| Enter build submenu | 18 | |
| Enter hero's abilities submenu | 13 | |
| Give item / drop item | 2 | |
| Right click | 678 | |
| Select / deselect | 363 | |
| Select group hotkey | 917 | |
| Use ability | 106 | |
2637 total
» units
| Peasant | 10 | |
| Footman | 6 | |
| Spell Breaker | 12 | |
| Priest | 8 | |
| Sorceress | 4 | |
40 total
» upgrades
| Defend | 1 | |
| Priest Training | 1 | |
| Sorceress Training | 1 | |
3 total
» buildings
| Altar of Kings | 1 | |
| Barracks | 1 | |
| Farm | 10 | |
| Scout Tower | 1 | |
| Keep | 1 | |
| Arcane Tower | 1 | |
| Arcane Vault | 1 | |
| Blacksmith | 1 | |
| Arcane Sanctum | 2 | |
| Castle | 1 | |
20 total
» build order
00:08 Altar of Kings
00:13 Barracks
00:17 Farm
00:19 Farm
00:46 Farm
01:38 Farm
01:55 Scout Tower
02:42 Farm
03:25 Keep
03:32 Arcane Tower
03:53 Arcane Vault
04:45 Blacksmith
04:48 Farm
04:51 Farm
05:51 Arcane Sanctum
06:05 Arcane Sanctum
06:53 Castle
07:57 Farm
07:58 Farm
08:58 Farm
» items
| Boots of Speed | 1 | |
| Scroll of Regeneration | 2 | |
| Potion of Lesser Invulnerability | 1 | |
| Scroll of Town Portal | 2 | |
| Potion of Healing | 1 | |
| Lesser Clarity Potion | 2 | |
9 total
observersevil_pengoon,
dirtmcwordup,
BEAR_AND,
iggy_the_fisk,
Chopstix,
VELOX_NEB Chat log
(00:06 / Observers) BEAR_AND: did he manner switch>?
(00:07 / Observers) BEAR_AND: he was undead
(00:14 / Observers) BEAR_AND: igGY!!!!!!!!!!!
(00:15 / Observers) iggy_the_fisk: switched way before
(00:21 / Observers) dirtmcwordup: 03ms
(00:27 / Observers) VELOX_NEB: 1/10 second?
(00:35 / Observers) VELOX_NEB: seriously 03ms?
(00:41 / Observers) VELOX_NEB: i thought it was longer than that
(00:44 / Observers) BEAR_AND: of people?
(00:47 / Observers) dirtmcwordup: is natural human reaction time eys
(00:48 / Observers) VELOX_NEB: right
(00:55 / Observers) BEAR_AND: physical reaction is average 25ms
(01:00 / Observers) BEAR_AND: i mean
(01:02 / Observers) BEAR_AND: 250
(01:04 / Observers) Chopstix: shittier monitors have lag sometimes too
(01:11 / Observers) dirtmcwordup: yeah right my reaction in war3 is like 10ms tops
(01:19 / Observers) BEAR_AND: average human physical reaction is 250ms i remember from psych100
(01:24 / Observers) VELOX_NEB: yeah
(01:29 / Observers) BEAR_AND: well when you're all into it and shit it gets low
(01:34 / All) WWGT]Mongrethod: sister comin back from italy tomorrow
(01:43 / All) WWGT]Mongrethod: pretty intense
(01:43 / Observers) Chopstix: boxer avg around 180 in a fight i think
(01:56 / Observers) VELOX_NEB: awesome, now you can screw
(02:39 / Observers) VELOX_NEB: so basically everything we experience in the present actually happened, on average, about 1/10 of a second ago
(02:47 / Observers) BEAR_AND: i'm not talking perceptual
(02:51 / Observers) BEAR_AND: i'm talking physical reaction
(03:01 / Observers) BEAR_AND: when you see something or hear something or feel something, when you can move
(03:04 / Observers) BEAR_AND: in response
(03:10 / Observers) VELOX_NEB: well they haven't been able to measure perceptual reaction until recently
(03:18 / Observers) BEAR_AND: i have no idea about that
(03:28 / Observers) VELOX_NEB: the big mistake of the behaviorists, or rather their oversight
(03:43 / Observers) dirtmcwordup: i am writing down all this shit about these players
(03:46 / Observers) dirtmcwordup: to figure out who is who
(03:55 / Observers) VELOX_NEB: was that they didn't realize that they would eventually have the tools
(04:12 / Observers) Chopstix: wait
(04:13 / Observers) VELOX_NEB: to poke around inside the brain
(04:20 / Observers) Chopstix: you mean physical reaction or seeing something
(04:23 / Observers) Chopstix: physical reaction is slower
(04:27 / Observers) VELOX_NEB: right
(04:31 / Observers) Chopstix: has to move from brain to hand
(04:49 / Observers) VELOX_NEB: iirc correctly simple perceptual reaction is about another 1/10 second
(04:56 / Observers) VELOX_NEB: for most people
(05:01 / Observers) VELOX_NEB: some people are much faster
(05:13 / Observers) evil_pengoon: korealize
(05:31 / Observers) VELOX_NEB: mongrethod will lose this one
(05:36 / Observers) VELOX_NEB: needs pitlord
(05:44 / Observers) BEAR_AND: if someone gets their actual hero name...
(05:47 / Observers) BEAR_AND: do they instant win.
(05:53 / Observers) BEAR_AND: i think they at least get a side note
(06:07 / Observers) Chopstix: obviously allah will be with them so yes
(06:10 / Observers) VELOX_NEB: they get a +100% bonus to their perceptual reaction time
(06:48 / Observers) BEAR_AND: s
(08:13 / Observers) BEAR_AND: oh my god
(08:16 / Observers) BEAR_AND: they're creeping the entire map
(08:20 / Observers) Chopstix: yea
(08:24 / Observers) Chopstix: like they almost did last time
(08:28 / Observers) VELOX_NEB: pretty dull game imho
(08:30 / Observers) BEAR_AND: very
(09:05 / Observers) VELOX_NEB: not even scouting really
(09:06 / Observers) Chopstix: i dont like those farm formation imo
(09:16 / Observers) VELOX_NEB: they're just assuming what the other is going to do
(09:38 / Observers) VELOX_NEB: well that's exciting
(09:47 / Observers) iggy_the_fisk: guy has principles
(09:49 / Observers) iggy_the_fisk: not moving out of aoe
(10:05 / Observers) VELOX_NEB: minions saved the day
(10:07 / Observers) iggy_the_fisk: i picked this spot i like it
(10:10 / Observers) iggy_the_fisk: fuck you landazar
(10:21 / Observers) Chopstix: its like he suicides his archers on purpose to use other food
(11:19 / Observers) Chopstix: that sucks
(11:31 / Observers) VELOX_NEB: no idea
(11:33 / Observers) VELOX_NEB: o right
(11:35 / Observers) VELOX_NEB: dispel
(11:59 / Observers) Chopstix: wow
(12:03 / Observers) Chopstix: dont get how that didnt kill her
(12:07 / Observers) Chopstix: bolt and holy
(13:22 / Observers) Chopstix: who map now creeped
(13:25 / Observers) Chopstix: whole
(13:37 / Observers) VELOX_NEB: kill the pally fool
(13:51 / Observers) Chopstix: oh wha
(14:10 / Observers) BEAR_AND: just
(14:11 / Observers) BEAR_AND: attack
(14:12 / Observers) BEAR_AND: move
(18:13 / Observers) VELOX_NEB: 2 morts would end this imho
(18:20 / Observers) Chopstix: y
(18:31 / Observers) Chopstix: only 2 dryads?
(18:48 / Observers) VELOX_NEB: dryads and trees
(18:56 / Observers) iggy_the_fisk: fuck the xpansion
(18:57 / Observers) VELOX_NEB: and another target
(18:59 / Observers) iggy_the_fisk: where are the creeps
(19:29 / Observers) VELOX_NEB: charm
(19:31 / Observers) Chopstix: oh
(19:32 / Observers) Chopstix: charm
(19:34 / Observers) Chopstix: sucks
(19:35 / Observers) Chopstix: cant use it
(19:36 / Observers) VELOX_NEB: she's dead tho
(19:43 / Observers) Chopstix: game
(19:45 / Observers) Chopstix: bolt
(19:47 / Observers) iggy_the_fisk: no naga
(19:47 / Observers) iggy_the_fisk: run
(20:03 / Observers) Chopstix: oh
(20:04 / Observers) Chopstix: shit
(20:06 / Observers) Chopstix: charm works on breakers
(20:11 / Observers) VELOX_NEB: yup
(21:53 / Observers) Chopstix: charm womans out
(22:10 / Observers) dirtmcwordup: bear and: YOU HAVE 65 MANA THROW THE BOLT
(22:18 / Observers) iggy_the_fisk: added to xls file
(22:26 / Observers) Chopstix: i thought bolt was 75
(22:30 / Observers) VELOX_NEB: indeed
(22:41 / Observers) BEAR_AND: rally
(22:42 / Observers) iggy_the_fisk: did you think bear_and was a big noob
(22:43 / All) WWGT]Mongrethod: gg
(22:43 / Observers) BEAR_AND: point
(22:44 / Observers) iggy_the_fisk: then you were right
(22:45 / All) WWGT]BaronMorte: gg